Map: Kairos Junction LE

Players

Macros - Winner!

  • Race: Zerg Zerg
  • League: Diamond
  • Spawn Location: 5:00

ASD

  • Race: Terran Terran
  • League: Diamond
  • Spawn Location: 11:00

VOD

Have the link to the VOD?

Description

Time

  • Played on: Feb. 16, 2019, 1:34 p.m.
  • Length: 18:31
Show
View Real Time Build Order
Export as new Build Order

Macros Zerg - Winner!

Build Orders: Hatch First 

Get SALT Encoding   

  12  0:01  Drone  
  13  0:14  Overlord  
  13  0:17  Drone  
  14  0:32  Drone x2  
  16  0:49  Hatchery  
  15  0:52  Drone  
  15  0:56  Drone  
  17  0:59  Drone  
  18  1:09  Extractor  
  17  1:15  Spawning Pool  
  16  1:18  Drone  
  16  1:21  Drone  
  18  1:29  Drone  
  19  1:40  Drone  
  20  1:50  Overlord  
  20  2:05  Zergling x2  
  20  2:06  Zergling x2, Queen x2  
  26  2:11  Metabolic Boost  
  26  2:16  Drone x2  
  28  2:27  Drone x2  
  30  2:41  Overlord  
  30  2:49  Hatchery, Drone  
  30  2:50  Drone  
  31  2:51  Drone  
  32  2:58  Queen  
  32  3:01  Drone  
  35  3:06  Overlord  
  35  3:10  Drone x2  
  37  3:17  Drone x3  
  40  3:20  Drone  
  40  3:23  Overlord  
  41  3:29  Drone x2  
  41  3:31  Drone  
  44  3:47  Drone x3  
  44  3:48  Drone x3  
  50  3:50  Extractor  
  50  3:53  Extractor  
  50  3:54  Baneling Nest  
  47  4:00  Lair  
  47  4:09  Drone x5  
  53  4:10  Drone  
  53  4:18  Queen  
  53  4:20  Zergling x6  
  58  4:29  Overlord x2  
  58  4:30  Zergling x10  
  63  4:43  Evolution Chamber  
  63  4:45  Roach Warren  
  61  4:48  Zergling x12  
  61  4:49  Zergling x2  
  68  4:57  Overlord  
  68  4:58  Overlord  
  68  5:08  Hydralisk Den  
  68  5:09  Overlord x2  
  67  5:19  Queen  
  69  5:27  Zerg Missile Weapons Level 1  
  69  5:29  Drone  
  69  5:30  Drone x9  
  69  5:34  Queen  
  81  5:38  Overlord  
  81  5:40  Drone x2  
  81  5:42  Drone  
  84  6:04  Drone x13  
  88  6:08  Extractor x2  
  95  6:12  Drone  
  96  6:30  Zergling x4  
  97  6:37  Overlord x4  
  97  6:42  Overlord  
  97  6:43  Overlord x3  
  97  6:54  Overlord x5  
  93  7:01  Extractor  
  92  7:38  Zerg Melee Weapons Level 1, Hydralisk  
  92  7:39  Hydralisk x13  
  92  7:43  Zergling x2  
  92  7:44  Zergling x10  
  126  7:45  Centrifical Hooks  
  126  7:47  Grooved Spines  
  127  7:51  Drone  
  127  8:05  Glial Reconstitution  
  127  8:09  Overlord x2  
  127  8:11  Zergling x20  
  137  8:27  Spine Crawler  
  137  8:29  Drone x5, Spore Crawler, Extractor x2  
  137  8:31  Spine Crawler  
  137  8:35  Hatchery  
  137  8:40  Drone x2  
  137  8:41  Drone x6  
  143  8:42  Overlord  
  143  8:48  Zergling x8  
  145  8:50  Hatchery  
  147  8:58  Muscular Augments  
  147  9:00  Infestation Pit  
  146  9:14  Hydralisk  
  146  9:15  Hydralisk x11  
  170  9:23  Baneling x18  
  170  9:27  Zergling x8  
  174  9:32  Zerg Melee Weapons Level 2  
  174  9:37  Drone x6  
  180  9:43  Hive  
  180  9:50  Spire  
  175  10:05  Zergling x28  
  189  10:08  Baneling x8  
  189  10:20  Hydralisk x5  
  198  10:41  Hydralisk  
  198  10:42  Hydralisk x5  
  176  10:50  Zergling x4  
  176  10:51  Zergling x20  
  127  11:09  Zergling x2  
  127  11:10  Zergling x16  
  122  11:18  Zergling x14  
  122  11:23  Viper x2  
  131  11:36  Adrenal Glands  
  131  11:38  Zergling x20  
  141  11:48  Zerg Ground Armor Level 1  
  141  11:55  Hydralisk x11  
  141  12:00  Viper x3  
  172  12:11  Hatchery  
  172  12:14  Extractor, Queen  
  172  12:16  Zergling x20  
  182  12:35  Zergling x26  
  195  12:42  Baneling x5  
  195  12:43  Baneling x18  
  195  12:45  Hydralisk x2  
  198  13:17  Greater Spire  
  186  13:43  Zerg Melee Weapons Level 3  
  132  13:57  Hydralisk x8  
  132  13:58  Hydralisk x3  
  132  13:59  Mutalisk  
  132  14:00  Zergling x2  
  132  14:01  Zergling x22  
  132  14:02  Zergling x16  
  169  14:09  Viper x3  
  160  14:16  Zergling x12  
  149  14:31  Baneling  
  149  14:32  Baneling x14  
  149  14:35  Hydralisk x8  
  149  14:36  Hydralisk x5  
  162  15:02  Hydralisk x5  
  162  15:03  Hydralisk x13  
  176  15:23  Zergling x30  
  176  15:24  Zergling x2  
  185  15:29  Zergling x6  
  181  15:45  Roach, Viper x4  
  195  15:50  Zergling x2  
  195  15:51  Zergling x6  
  199  16:21  Baneling x14  
  199  16:22  Baneling x24  
  199  16:28  Extractor  
  199  16:29  Hatchery  
  199  16:32  Extractor  
  196  16:33  Mutalisk  
  196  16:34  Zergling x2  
  199  16:40  Extractor  
  184  17:44  Zergling x38  
  171  17:45  Zergling x18  
  192  17:55  Hydralisk x3  
  192  17:56  Hydralisk  
  157  18:13  Zergling x2  
  157  18:14  Zergling x30  
Show
View Real Time Build Order
Export as new Build Order

ASD Terran 

Build Orders: Hellion Banshee, Mech 

Get SALT Encoding   

  12  0:01  SCV  
  13  0:13  SCV  
  14  0:17  Supply Depot  
  14  0:25  SCV  
  15  0:29  Refinery  
  15  0:38  SCV  
  16  0:45  Barracks  
  16  0:51  SCV  
  17  1:03  SCV  
  18  1:15  SCV  
  19  1:27  SCV  
  20  1:35  Reaper  
  20  1:39  Orbital Command  
  21  1:53  Command Center  
  21  2:06  Factory  
  21  2:09  Refinery  
  21  2:11  SCV  
  22  2:19  Barracks Reactor  
  22  2:24  Supply Depot  
  22  2:37  SCV  
  23  2:49  SCV  
  24  2:55  Starport  
  24  3:01  SCV  
  24  3:03  Hellion x2  
  24  3:05  Orbital Command  
  29  3:07  Barracks Tech Lab  
  29  3:29  Hellion  
  29  3:30  Hellion  
  33  3:36  SCV  
  33  3:37  SCV  
  35  3:42  Barracks Tech Lab  
  35  3:45  Viking  
  37  3:48  SCV  
  37  3:51  Hellion x2  
  37  3:52  Supply Depot  
  42  4:07  SCV x2  
  44  4:12  Hellion  
  44  4:14  Hellion, Banshee  
  44  4:15  Supply Depot  
  51  4:19  SCV x2  
  53  4:31  SCV  
  53  4:36  SCV  
  53  4:37  Factory  
  55  4:43  SCV  
  55  4:44  Command Center  
  56  4:51  Hellion x2  
  60  4:54  SCV  
  60  4:55  SCV  
  62  5:00  Engineering Bay  
  62  5:27  Supply Depot  
  62  5:28  Supply Depot, Refinery  
  62  5:31  Refinery  
  62  5:38  Starport Reactor  
  62  5:48  Siege Tank  
  62  5:49  Hellion x2  
  69  6:02  Orbital Command  
  69  6:03  SCV x2  
  71  6:10  Hellion x2  
  75  6:11  Factory  
  75  6:12  Factory  
  75  6:14  Missile Turret  
  75  6:15  SCV  
  76  6:20  Siege Tank  
  76  6:21  Missile Turret  
  76  6:22  Missile Turret  
  79  6:31  Hellion  
  81  6:52  Siege Tank  
  82  7:01  Orbital Command  
  82  7:11  Supply Depot  
  82  7:12  SCV x2  
  82  7:13  Supply Depot  
  82  7:15  Supply Depot  
  84  7:19  Siege Tank, Hellion  
  84  7:20  Hellion  
  91  7:24  SCV x2  
  93  7:32  SCV, Siege Tank  
  93  7:33  Hellion  
  93  7:36  SCV x2  
  101  7:41  Hellion  
  103  7:46  Missile Turret  
  103  7:52  Siege Tank, Sensor Tower  
  103  7:54  Factory Tech Lab  
  103  7:55  Infernal Pre-Igniter  
  106  8:03  Factory  
  106  8:04  Hellion x2  
  106  8:05  Siege Tank  
  113  8:07  Command Center  
  113  8:12  Refinery  
  112  8:15  Refinery  
  112  8:20  SCV x3, Supply Depot  
  112  8:26  Hellion  
  117  8:41  SCV x2, Siege Tank x2  
  117  8:42  Supply Depot  
  117  8:43  Supply Depot  
  117  8:45  Supply Depot  
  125  9:04  SCV x3, Hellion x3  
  125  9:06  Supply Depot x2  
  125  9:08  Factory Tech Lab  
  134  9:12  Armory  
  134  9:13  Siege Tank, Missile Turret, Hellion  
  134  9:14  Armory  
  134  9:16  SCV x3  
  142  9:20  SCV  
  143  9:25  Siege Tank  
  143  9:26  Hellion  
  143  9:28  SCV x2  
  143  9:29  SCV, Supply Depot  
  151  9:32  SCV  
  151  9:35  Siege Tank  
  155  9:38  Sensor Tower  
  155  9:41  Viking x2  
  162  9:45  Siege Tank  
  162  10:00  Siege Tank x2, Hellion x2  
  162  10:02  Missile Turret  
  175  10:07  Siege Tank  
  175  10:11  Viking x2  
  179  10:18  Terran Vehicle And Ship Armor Level 1, Terran Vehicle Weapons Level 1  
  179  10:19  Hellion  
  181  10:21  SCV  
  181  10:22  SCV, Hellion  
  181  10:25  Missile Turret  
  81  11:20  Siege Tank x3, Hellion x3  
  81  11:22  SCV x3  
  99  11:34  SCV x3  
  102  11:41  Thor, Hellion x2  
  102  11:46  SCV  
  113  11:52  Thor, Hellion  
  113  11:53  Hellion  
  123  11:59  Sensor Tower  
  123  12:00  Missile Turret  
  123  12:03  Hellion x2  
  123  12:04  Missile Turret x2  
  123  12:05  Supply Depot  
  123  12:06  Supply Depot  
  123  12:07  Supply Depot  
  127  12:09  Supply Depot  
  127  12:12  Orbital Command, Terran Ship Weapons Level 1  
  127  12:14  Siege Tank x2, SCV x2  
  135  12:24  Siege Tank, Hellion x2  
  135  12:29  SCV x2  
  144  12:35  Siege Tank  
  147  12:39  SCV x2  
  147  12:43  Terran Vehicle Weapons Level 2  
  149  12:45  Hellion, Refinery  
  149  12:46  Siege Tank x2, Hellion  
  149  12:47  Refinery  
  159  12:56  Siege Tank  
  162  13:03  Viking x2  
  166  13:07  Siege Tank, Hellion  
  171  13:17  Thor  
  171  13:18  Siege Tank  
  171  13:19  Command Center  
  180  13:22  Hellion  
  182  13:28  Siege Tank, Hellion  
  182  13:33  Viking x2  
  191  13:39  Siege Tank  
  150  13:50  Siege Tank  
  128  13:58  Hellion x2  
  128  14:01  Siege Tank, Hellion  
  127  14:03  Viking x2  
  127  14:05  Terran Vehicle And Ship Armor Level 2  
  122  14:11  Siege Tank  
  122  14:22  Siege Tank x2  
  126  14:28  Hellion x2  
  130  14:33  Viking, Hellion  
  132  14:43  Siege Tank  
  135  14:49  Hellion x2  
  139  14:54  Siege Tank x2, Thor  
  117  15:11  Hellion, Hellbat  
  118  15:16  Hellbat  
  118  15:21  Terran Vehicle Weapons Level 3  
  111  15:26  Hellion, Hellbat  
  106  15:32  Hellion x2  
  109  15:37  Siege Tank, Hellion  
  112  15:48  Hellion x2  
  115  15:53  Hellion  
  115  15:54  Hellion  
  118  15:58  Siege Tank  
  121  16:09  Siege Tank  
  124  16:29  Planetary Fortress  
  124  16:50  Hellion  
  124  16:53  Refinery  
  124  16:54  Refinery  
  124  16:58  Supply Depot  
  124  17:00  Supply Depot  
  124  17:01  Supply Depot  
  124  17:20  Hellion x4  
  124  17:21  Siege Tank x2, Viking  
  124  17:22  Supply Depot, Viking  
  142  17:23  Supply Depot  
  142  17:26  Supply Depot  
  129  17:49  Supply Depot, Hellion  
  129  17:50  Hellion  
  124  17:52  Hellion x2  
  124  17:53  Viking  
  124  17:55  Viking  
  124  17:57  Hellion  
Tags
 
Add a new tag
Caveats
  • Supply blocks, unpowered buildings, or Contaminate may cause inaccurate times.
  • Supply counts are checked every 10 seconds.